 Dungeon Crawl Stone Soup version 0.31-a0-271-gb88eb75e06 (webtiles) character file.

Game seed: 13593913706959709917

24 BootchMan the Trooper (level 2, -3/27 HPs)
             Began as a Minotaur Berserker on July 14, 2023.
             Was a Follower of Trog.
             Slain by Natasha (9 damage)
             ... on level 2 of the Dungeon.
             The game lasted 00:02:01 (1077 turns).

BootchMan the Trooper (Minotaur Berserker)          Turns: 1077, Time: 00:02:02

Health: -3/27      AC:  2    Str: 21    XL:     2   Next: 79%
Magic:  1/1        EV: 12    Int:  4    God:    Trog [*.....]
Gold:   73         SH:  0    Dex:  9    Spells: 1/1 levels left

rFire   . . .        i - +0 war axe
rCold   . . .        (no shield)
rNeg    . . .        b - +0 animal skin
rPois   .            (helmet restricted)
rElec   .            (no cloak)
rCorr   .            (no gloves)
SInv    .            (no boots)
Will    .....        (no amulet)
Stlth   +            (no ring)
HPRegen 0.24/turn    (no ring)
MPRegen 0.07/turn

%: no passive effects
@: slowed, very slow
A: horns 2, retaliatory headbutt
a: Renounce Religion, Berserk


You were on level 2 of the Dungeon.
You worshipped Trog.
Trog was aware of your devotion.
You visited 1 branch of the dungeon, and saw 2 of its levels.

You collected 73 gold pieces.

Inventory:

Hand Weapons
 i - a +0 war axe (weapon)
Armour
 b - a +0 animal skin (worn)
Scrolls
 a - a scroll of immolation {unknown}
 c - 2 scrolls of enchant weapon {unknown}
 d - a scroll of teleportation {unknown}
 e - a scroll of vulnerability {unknown}
Potions
 f - a potion of curing {unknown}
 g - a potion of attraction {unknown}
 h - a potion of brilliance {unknown}


   Skills:
 + Level 4.2 Fighting
 + Level 4.0 Axes
 + Level 2.5 Armour
 + Level 2.5 Dodging


You had one spell level left.
You didn't know any spells.
Your spell library contained the following spells:

 Spells                   Type           Power      Damage    Failure   Level
 Poisonous Vapours        Pois/Air       0%         N/A       65%         2
 Mephitic Cloud           Conj/Pois/Air  0%         N/A       86%         3
 Freezing Cloud           Conj/Ice/Air   0%         6-21      100%        5


Dungeon Overview and Level Annotations

Branches:
Dungeon (2/15)

Altars:

Shops:
D:1 =

Annotations:
D:2 Natasha


Innate Abilities, Weirdness & Mutations

You have a pair of horns on your head.
You reflexively headbutt those who attack you in melee.


Message History

The cerulean imp is severely wounded.
The cerulean imp hits you but does no damage.
Natasha claws you.
You miss the cerulean imp. Your headbutt misses the cerulean imp.
Your punch misses the cerulean imp.
The cerulean imp is severely wounded.
You hit Natasha.
The cerulean imp hits you but does no damage.
Natasha barely misses you.
You hit the cerulean imp.
You kill the cerulean imp!
The cerulean imp disappears in a puff of smoke!
You barely miss Natasha. Natasha claws you!
You are too injured to fight recklessly!
You are too injured to fight recklessly!
You are too injured to fight recklessly!
You are too injured to fight recklessly!
You are too injured to fight recklessly!
You are too injured to fight recklessly!
You are too injured to fight recklessly!
You are too injured to fight recklessly!
Natasha attacks as you move away! Natasha claws you.
* * * LOW HITPOINT WARNING * * *
Natasha casts a spell at you.
You feel yourself slow down.
Natasha howls an incantation.
Natasha shimmers violently.
Natasha casts a spell at you.
You feel as though you will be slow longer.
You are too injured to fight recklessly!
You are too injured to fight recklessly!
You are too injured to fight recklessly!
You are too injured to fight recklessly!
You are too injured to fight recklessly!
You are too injured to fight recklessly!
You are too injured to fight recklessly!
You slash Natasha!
Natasha is almost dead.
Natasha claws you!
You die...

##..# ##.......## ##.##.#
#####...####.........####.(.#.#
....)......+.........'........###
#####...####.........####.......#
##..# ##.......## #..##.#.# #..#
##.....## #.###.#.# #.## ##...##
#.# #.#.# #.# ##'## #(# ..#^# #<#
#@# #.# .##.# #.# #h# #.... .#
#.# ##.## ####. ## #.# #...# #.#
#.....# #.. ##...## ### ##.## #.#
...


You could see Natasha.

Vanquished Creatures
  2 endoplasms (D:1)
  2 giant cockroaches (D:1)
  3 goblins
  2 hobgoblins (D:1)
  3 kobolds (D:1)
  3 ball pythons
  2 bats (D:1)
  A frilled lizard (D:1)
  4 rats
22 creatures vanquished.

Notes
Turn   | Place    | Note
-------+----------+-------------------------------------------
     0 | D:1      | BootchMan the Minotaur Berserker began the quest for the
                  | Orb.
     0 | D:1      | Reached XP level 1. HP: 19/19 MP: 0/0
    84 | D:1      | Found a faded altar of an unknown god.
   246 | D:1      | Reached XP level 2. HP: 14/27 MP: 1/1
   440 | D:1      | Found Ragh's Jewellery Emporium.
  1067 | D:2      | Noticed Natasha
  1077 | D:2      | Slain by Natasha

Illustrated notes

Levels and vault maps discovered:
D:1:      amcnicky_arrival_double_pillar, layout_basic, serial_shops, shop,
          shapermc_ecumenical_altar_mp_highgroup
D:2:      layout_loops_corners, serial_forest, infiniplex_forest_lined_3,
          infiniplex_forest_clump_medium, infiniplex_forest_clump_tiny,
          infiniplex_forest_straight_4, infiniplex_forest_corner_2,
          uniq_natasha, uniq_crazy_yiuf_cottage

Skill      XL: |  1  2 |
---------------+-------+-----
Fighting       | 4 |  4.2
Axes           | 4 |  4.0
Armour         | |  2.5
Dodging        | |  2.5

Action                     || total
---------------------------++-------
  Melee: Hand axe          ||    41
         War axe           ||    11
         Headbutt          ||     6
 Armour: Animal skin       ||    11
  Dodge: Dodged            ||    33

Table legend: (Time is in decaauts)
 A = Elapsed time spent in this place.
 B = Non-inter-level travel time spent in this place.
 C = Inter-level travel time spent in this place.
 D = Time resting spent in this place.
 E = Time spent auto-exploring this place.
 F = Levels seen in this place.
 G = Mean time per level.
                   A        B        C        D        E       F      G
               +--------+--------+--------+--------+--------+-----+--------+
         Total |   1084 |    938 |    146 |      0 |    786 |   2 |  542.0 |
       Dungeon |   1084 |    938 |    146 |      0 |    786 |   2 |  542.0 |
               +--------+--------+--------+--------+--------+-----+--------+

Top non-repeatable levels by time:
     D:1: 974 daAuts
     D:2: 109 daAuts
